 Dungeon Crawl Stone Soup version 0.25-a0-505-gae4569222e (webtiles) character file.

Game seed: 13906097906524643510, levelgen mode: deterministic

263 kae the Insei (level 5, 0/63 HPs)
             Began as a Demonspawn Gladiator on Feb 14, 2020.
             Succumbed to a worker ant's poison
             ... on level 3 of the Dungeon.
             The game lasted 00:02:07 (3239 turns).

kae the Insei (Demonspawn Gladiator)                Turns: 3239, Time: 00:02:07

Health: 0/63       AC: 22    Str: 15    XL:     5   Next: 97%
Magic:  5/5        EV:  2    Int:  9    God:
Gold:   124        SH:  0    Dex: 17    Spells: 4/4 levels left

rFire    . . .     SeeInvis .     - Unarmed
rCold    . . .     Gourm    .   (no shield)
rNeg     + + +     Faith    .   (armour currently unavailable)
rPois    +         Spirit   .   (helmet currently unavailable)
rElec    .         Reflect  .   (cloak currently unavailable)
rCorr    .         Harm     .   (gloves currently unavailable)
MR       .....     NoTele   +   (boots currently unavailable)
Stlth    ++........             (no amulet)
HPRegen  0.20/turn              (no ring)
MPRegen  0.09/turn              (no ring)

@: lethally poisoned (0 -> -3), tree-form, hasted, very quick
A: thin skeletal structure 1
a: no special abilities


You were on level 3 of the Dungeon.
You were not hungry.
You were a tree.
You visited 1 branch of the dungeon, and saw 4 of its levels.

You collected 124 gold pieces.

Inventory:

Missiles
 c - 3 throwing nets (quivered)
Armour
 a - a +0 leather armour (melded)
 b - a +0 helmet
Jewellery
 g - a +2 ring of slaying {unknown}
 k - an uncursed amulet of faith
Scrolls
 i - a scroll of fog
 n - a scroll of amnesia
Potions
 f - a potion of degeneration
Comestibles
 d - 8 rations


   Skills:
 + Level 3.9 Fighting
 - Level 1.7 Throwing
 - Level 2.6 Dodging
 * Level 5.2 Unarmed Combat


You had 4 spell levels left.
You didn't know any spells.
Your spell library was empty.

Dungeon Overview and Level Annotations

Branches:
Dungeon (4/15)
 Temple: D:4-7

Altars:
Elyvilon
Fedhas
Gozag
Sif Muna
Uskayaw
Yredelemnul
Zin


Innate Abilities, Weirdness & Mutations

((You have a pair of horns on your head.))
You have a somewhat thin skeletal structure. (Dex +2, Stealth)


Message History

You hit the worker ant.
The worker ant is heavily wounded.
* * * LOW HITPOINT WARNING * * *
You feel sick.
The worker ant bites you but does no damage.
You hit the worker ant.
The worker ant is severely wounded.
The worker ant bites you but does no damage.
You smack the worker ant!
You kill the worker ant!
You cannot move.
There is a lethal amount of poison in your body!
There is a lethal amount of poison in your body!
There is a lethal amount of poison in your body!
There is a lethal amount of poison in your body!
* * * LOW HITPOINT WARNING * * *
You feel sick.
Okay, then.
You feel as though your hastened speed will last longer.
You die...

#.............#.##.# #
#............###.#.# #
#....########.#.##.###
#...## ##..####..
#...###########...#.._
##........#........#.).
#..#.####.#.######.'.).
#.#...###.#.########)..
#..#.#♣##.#.#......#.._
#.##.##.#.#.#.#######..
#..........)).# ###
#.##.##.#.#.###
##.#.#.##.#.#
##...###.#.# #...##
#.#.# #.### #...# #.#
#.#############


There were no monsters in sight!

Vanquished Creatures
  A scorpion (D:2)
  2 orc priests (D:3)
  An iguana (D:4)
  A worker ant (D:3)
  3 adders
  4 worms
  2 dart slugs (D:2)
  4 orcs (D:3)
  3 ball pythons
  5 bats
  2 giant cockroaches
  6 hobgoblins
  3 jackals (D:3)
  2 quokkas
  6 frilled lizards
  2 gnoll zombies (D:3)
  9 goblins
  7 kobolds
  4 rats
67 creatures vanquished.

Notes
Turn   | Place    | Note
-------+----------+-------------------------------------------
     0 | D:1      | kae the Demonspawn Gladiator began the quest for the Orb.
     0 | D:1      | Reached XP level 1. HP: 16/16 MP: 1/1
   188 | D:1      | Reached skill level 3 in Unarmed Combat
   213 | D:1      | Gained mutation: You have a somewhat thin skeletal
                  | structure. (Dex +2, Stealth) [demonic ancestry]
   213 | D:1      | Reached XP level 2. HP: 22/22 MP: 2/2
   689 | D:2      | Found a shimmering blue altar of Sif Muna.
   809 | D:2      | Found a blossoming altar of Fedhas.
   850 | D:2      | Gained mutation: You have a pair of small horns on your
                  | head. [demonic ancestry]
   850 | D:2      | Reached XP level 3. HP: 3/28 MP: 3/3
  1712 | D:2      | Noticed a scorpion
  1725 | D:2      | Killed a scorpion
  1725 | D:2      | Reached skill level 4 in Unarmed Combat
  1725 | D:2      | Gained mutation: You have a pair of horns on your head.
                  | [demonic ancestry]
  1725 | D:2      | Reached XP level 4. HP: 23/35 MP: 4/4
  2157 | D:3      | Found a faded altar of an unknown god.
  2299 | D:3      | Found a glowing silver altar of Zin.
  2299 | D:3      | Found an opulent altar of Gozag.
  2351 | D:3      | Reached XP level 5. HP: 41/41 MP: 5/5
  2731 | D:3      | Found a basalt altar of Yredelemnul.
  2807 | D:3      | Noticed a +0 hand axe
  2808 | D:3      | Noticed a +0 hand axe
  2809 | D:3      | Found a hide-covered altar of Uskayaw.
  2908 | D:4      | Found a white marble altar of Elyvilon.
  2915 | D:4      | Reached skill level 5 in Unarmed Combat
  3207 | D:4      | Noticed a centaur
  3231 | D:3      | HP: 2/42 [worker ant (5)]
  3237 | D:3      | HP: 1/63 [poisoned by a worker ant]
  3239 | D:3      | Succumbed to a worker ant's poison

Levels and vault maps discovered:
D:1:      lemuel_arrival_rhombus, layout_basic
D:2:      layout_loops_corners, fedhas_altar_2, lemuel_round_altar, st_stairs_2,
          minmay_misc_feat_ornament
D:3:      lemuel_upstairs_altar, layout_loops_ring,
          grunt_temple_overflow_gold_and_silver,
          lemuel_zombie_altar_yredelemnul, dancing_weapons_uskayaw,
          chequers_ecumenical_altar_simple
D:4:      minmay_recursive_quarters, layout_cave_pools, tgw_xom,
          nicolae_overflow_crystal_walls, grunt_dithmenos_smoke,
          serial_column_ruins, column_ruins_circle_medium,
          column_ruins_hut_water, column_ruins_open_large,
          column_ruins_open_small, column_ruins_grid_2,
          column_ruins_open_medium, column_ruins_open_small_water

Skill      XL: |  1  2  3  4  5 |
---------------+----------------+-----
Unarmed Combat | 3 4 5 |  5.2
Fighting       | 3 |  3.9
Throwing       | |  1.7
Dodging        | |  2.6

Action                   |  1- 3 |  4- 6 || total
-------------------------+-------+-------++-------
Melee: Unarmed           |    98 |    94 ||   192
       Punch             |     4 |     2 ||     6
       Headbutt          |     5 |    17 ||    22
  Use: Scroll            |     2 |     5 ||     7
       Potion            |     1 |     6 ||     7
 Stab: Sleeping          |     1 |     1 ||     2
  Eat: Chunk             |     1 |     6 ||     7
Armor: Leather armour    |    24 |    10 ||    34
       Skin              |     2 |     9 ||    11
Dodge: Dodged            |    80 |    57 ||   137

Table legend:
 A = Non-vault XP
 B = Vault XP
 C = Vault XP percentage of total XP
 D = Non-vault monster count
 E = Vault monster count
 F = Vault count percentage of total count
                 A         B        C        D         E       F
            +---------+---------+-------+---------+---------+-------
      Total |     370 |       6 |   1.6 |      63 |       4 |   6.0
            +---------+---------+-------+---------+---------+-------
        D:1 |      29 |       0 |   0.0 |      19 |       0 |   0.0
        D:2 |     120 |       4 |   3.2 |      20 |       2 |   9.1
        D:3 |     166 |       2 |   1.2 |      20 |       2 |   9.1
        D:4 |      55 |       0 |   0.0 |       4 |       0 |   0.0
            +---------+---------+-------+---------+---------+-------
